 Dungeon Crawl Stone Soup version 0.17-a0-1497-g03599f7 (webtiles) character file.

1508 Chiseanne the Skirmisher (level 8, -5/66 HPs)
             Began as a Demonspawn Wanderer on July 6, 2015.
             Killed from afar by an oklob plant (9 damage)
             ... with a splash of acid
             ... on level 6 of the Dungeon.
             The game lasted 00:20:06 (7489 turns).

Chiseanne the Skirmisher (Demonspawn Wanderer)      Turns: 7489, Time: 00:20:06

Health: -5/66      AC:  3    Str: 14    XL:     8   Next: 53%
Magic:  9/9        EV: 13    Int: 12    God:
Gold:   33         SH:  0    Dex: 15    Spells: 0 memorised, 9 levels left

rFire  . . .     SeeInvis .     a - +2 dagger (venom)
rCold  + + .     Clarity  .     m - +3 scale mail
rNeg   + . .     SustAt   .     (no shield)
rPois  .         Gourm    .     (helmet restricted)
rElec  .         Spirit   .     (no cloak)
rCorr  .         Warding  +     (no gloves)
rMut   .         Stasis   .     (no boots)
MR     .....                    p - amulet of warding
Stlth  ..........               f - +2 ring of evasion
                                z - ring of protection from cold

@: corroded equipment, not resistant to hostile enchantments, extremely
unstealthy
A: antennae 1, rugged brown scales 1, cold resistance 1
a: no special abilities


You were on level 6 of the Dungeon.
You were very hungry.

You visited 2 branches of the dungeon, and saw 9 of its levels.

You collected 195 gold pieces.
You spent 162 gold pieces at shops.

Inventory:

Hand weapons
 a - a +2 dagger of venom (weapon)
 e - a +0 hand crossbow
 w - a +0 blowgun
 B - a +1 trident of distortion
Missiles
 c - 16 bolts
 g - 55 arrows
 o - 59 sling bullets
 r - 12 bolts of frost
 G - 2 curare-tipped needles
Armour
 h - a +0 shield
 m - a +3 scale mail (worn)
 C - the +1 robe of Qazlal's Favour {rCorr Int+4 Stlth-}
   (You found it on level 7 of the Dungeon)

   It affects your intelligence (+4).
   It protects you from acid and corrosion.
   It makes you less stealthy.
Jewellery
 f - a +2 ring of evasion (right hand)
 n - an uncursed ring of stealth
 p - an amulet of warding (around neck)
 u - an uncursed ring of ice
 z - a ring of protection from cold (left hand)
 D - a cursed ring of teleportation {unknown}
Magical devices
 H - a wand of paralysis (8)
Scrolls
 k - 2 scrolls of amnesia
 v - a scroll of magic mapping
 x - 3 scrolls of remove curse
 y - 2 scrolls of teleportation
 A - a scroll of identify
Potions
 d - a potion of curing
 i - a potion of brilliance
 j - a potion of haste {unknown}
 q - a potion of berserk rage {unknown}
 s - 3 potions of flight
 t - a potion of might
 E - 3 potions of ambrosia {unknown}
 F - a potion of mutation
Comestibles
 b - 3 bread rations
 l - 3 beef jerkies


   Skills:
 * Level 6.5 Fighting
   Level 1.7 Maces & Flails
 - Level 4.5 Crossbows
 + Level 4.5 Armour
 + Level 4.0 Dodging
 - Level 1.0 Stealth
 - Level 1.0 Spellcasting
   Level 1.0 Fire Magic
   Level 1.0 Poison Magic
 - Level 1.0 Evocations


You had 9 spell levels left.
You didn't know any spells.

Dungeon Overview and Level Annotations

Branches:
Dungeon (8/15)             Temple (1/1) D:6
   Lair: D:8-11

Altars:
Ashenzari
Cheibriados
Dithmenos
Elyvilon
Fedhas
Kikubaaqudgha
Makhleb
Nemelex Xobeh
Okawaru
Qazlal
Ru
Trog
Vehumet
Xom
Zin
The Shining One

Shops:
D:7 ![

Annotations:
D:4 Chiseanne's ghost, average DsWn
D:6 exclusion: oklob plant


Innate Abilities, Weirdness & Mutations

You have a pair of small antennae on your head.
You are partially covered in rugged brown scales (AC +1, +3% HP).
Your flesh is cold resistant.


Message History

The orc is severely wounded.
The orc hits you but does no damage.
You closely miss the orc.
The orc is almost dead.
You kill the orc!
Really walk into a travel-excluded area?
Things that are here:
a dagger; a chain mail The oklob plant spits acid at you.
The splash of acid hits you!
The acid burns!
You see here 29 arrows.
g - 55 arrows (gained 29)
The oklob plant spits acid at you. The splash of acid hits you!
The acid corrodes you!
The acid burns!
The oklob plant spits acid at you. The splash of acid hits you!
The acid corrodes you!
The acid burns!
* * * LOW HITPOINT WARNING * * *
The oklob plant spits acid at you. The splash of acid hits you!
You die...

####..........# #.#
.........##.#.####.#####
####.#.................#
######........####.#.###
...................#.#
...............#####.#
..........>....#.....#
....#..........#.#####
###.#..........#@#######
.##.#...#......#.......#
...............#....#.##
..........#.....).....#
.##.......#...##..#####*
.##.......#....#......,*
..........#...P#..##.#**
###.#.....#..P_P..##.#
###.#.........P...##.###


You could see an oklob plant.

Vanquished Creatures
  A hippogriff (D:7)
  A water moccasin (D:6)
  2 ogres (D:4)
  3 giant frogs (D:6)
  A gnoll sergeant (D:5)
  A wyvern zombie (D:5)
  4 crimson imps
  2 giant frog zombies
  An orc wizard (D:6)
  3 hounds
  4 iguanas
  2 orc priests (D:6)
  4 worker ants
  A hound zombie (D:5)
  4 gnolls
  4 adders
  A shadow imp (D:6)
  An ooze (D:4)
  A worm (D:4)
  4 giant geckos
  10 orcs
  A bat zombie (D:6)
  5 giant cockroaches
  13 hobgoblins
  3 quokkas
  2 ball pythons (D:1)
  18 bats
  5 giant newts
  8 goblins
  10 jackals
  9 kobolds
  A quokka zombie (D:6)
  13 rats
143 creatures vanquished.

Notes
Turn   | Place    | Note
--------------------------------------------------------------
     0 | D:1      | Chiseanne the Demonspawn Wanderer began the quest for the Orb.
     0 | D:1      | Chiseanne set off with: a +2 scale mail, a +0 hand crossbow, 30 bolts, a potion of curing, a bread ration
     0 | D:1      | Reached XP level 1. HP: 15/15 MP: 2/2
   204 | D:1      | Reached skill level 2 in Armour
   348 | D:1      | Gained mutation: You have a pair of small antennae on your head. [demonic ancestry]
   348 | D:1      | Reached XP level 2. HP: 16/21 MP: 3/3
   834 | D:1      | Reached skill level 1 in Crossbows
   861 | D:1      | Reached skill level 1 in Dodging
  1222 | D:2      | Gained mutation: Your flesh is cold resistant. [demonic ancestry]
  1222 | D:2      | Reached XP level 3. HP: 26/26 MP: 4/4
  2246 | D:3      | Found a sacrificial altar of Ru.
  2531 | D:4      | Reached XP level 4. HP: 9/33 MP: 5/5
  2871 | D:4      | Noticed Chiseanne's ghost (average DsWn)
  3014 | D:4      | Noticed an ogre
  3042 | D:4      | Killed an ogre
  3042 | D:4      | Reached XP level 5. HP: 14/39 MP: 6/6
  3438 | D:4      | Noticed an ogre
  3443 | D:4      | Killed an ogre
  3443 | D:4      | Reached skill level 3 in Fighting
  3443 | D:4      | Reached XP level 6. HP: 44/47 MP: 7/7
  3629 | D:5      | Entered Level 5 of the Dungeon
  3874 | D:5      | You fall through a shaft for 3 floors!
  3879 | D:8      | Found a blossoming altar of Fedhas.
  3980 | D:8      | Found a sparkling altar of Nemelex Xobeh.
  3980 | D:8      | Found a shimmering altar of Xom.
  3997 | D:8      | Found an iron altar of Okawaru.
  4161 | D:7      | Found a shimmering altar of Xom.
  4231 | D:7      | Got a heavy robe
  4391 | D:7      | Identified the +1 robe of Qazlal's Favour {rCorr Int+4 Stlth-} (You found it on level 7 of the Dungeon)
  4417 | D:7      | Found Yfocusuru's Armour Shop.
  4434 | D:7      | Found Qoedd's Distillery.
  4452 | D:7      | Bought a potion of lignification for 39 gold pieces
  4452 | D:7      | Bought a potion of mutation for 32 gold pieces
  4452 | D:7      | Bought a potion of might for 52 gold pieces
  4452 | D:7      | Bought a potion of flight for 39 gold pieces
  4458 | D:7      | Noticed a hippogriff
  4462 | D:7      | Reached skill level 4 in Fighting
  4487 | D:7      | Killed a hippogriff
  4487 | D:7      | Gained mutation: You are partially covered in rugged brown scales (AC +1, +3% HP). [demonic ancestry]
  4487 | D:7      | Reached XP level 7. HP: 10/55 MP: 8/8
  5577 | D:5      | Reached skill level 5 in Fighting
  5903 | D:6      | Reached XP level 8. HP: 63/63 MP: 9/9
  6358 | D:6      | Noticed an oklob plant
  6402 | D:6      | Reached skill level 6 in Fighting
  6549 | D:6      | Found a glowing golden altar of the Shining One.
  6582 | D:6      | Found a staircase to the Ecumenical Temple.
  6613 | Temple   | Entered the Ecumenical Temple
  7489 | D:6      | Killed from afar by an oklob plant

Vault maps used:
D:1:      eino_arrival_cavern_b, feat_on_display
D:3:      nicolae_ru_path_of_blood
D:4:      first_bread
D:5:      grunt_ministairs_2
D:6:      minmay_temple_entry_statues_fountains, lemuel_oklob_altar
D:7:      grunt_temple_overflow_open, serial_shops, shop, shop, shop,
          shop_coins, basic_altar, kennysheep_generic_room_7
D:8:      nicolae_overflow_hidden_temple, gammafunk_temple_overflow_pools,
          old_standard_altar, lemuel_round_altar
Temple:   triangle_lava_temple_11

Action                   |  1- 3 |  4- 6 |  7- 9 || total
-------------------------+-------+-------+-------++-------
Melee: Dagger            |   132 |   147 |   222 ||   501
 Fire: Hand crossbow     |    43 |    24 |    33 ||   100
  Use: Scroll            |    10 |     3 |     5 ||    18
       Potion            |       |       |     5 ||     5
 Stab: Sleeping          |       |       |     2 ||     2
  Eat: Chunk             |     5 |     5 |     7 ||    17
       Pizza             |       |     1 |     1 ||     2
